 Dungeon Crawl Stone Soup version 0.30.1-9-gdf580d7c3d (webtiles) character file.

Game seed: 10604835441556815328

8056 Ironcache the Covert (level 11, -8/48 HPs)
             Began as a Spriggan Enchanter on Oct 4, 2023.
             Was a High Priest of Hepliaklqana.
             Hit by a large rock thrown by a cyclops (39 damage)
             ... on level 10 of the Dungeon.
             The game lasted 01:16:31 (9870 turns).

Ironcache the Covert (Spriggan Enchanter)           Turns: 9870, Time: 01:16:31

Health: -8/48      AC:  4    Str:  4    XL:     11   Next: 4%
Magic:  24/24      EV: 23    Int: 19    God:    Hepliaklqana [*****.]
Gold:   592        SH:  0    Dex: 18    Spells: 22/26 levels left

rFire   . . .        a - +0 shortbow
rCold   . . .        (shield currently unavailable)
rNeg    + + .        h - +2 robe {rN+}
rPois   .            (helmet restricted)
rElec   .            (no cloak)
rCorr   .            (gloves unavailable)
SInv    +            (boots unavailable)
Will    +....        (no amulet)
Stlth   +++++        F - +5 ring of evasion
HPRegen 0.28/turn    P - ring of positive energy
MPRegen 0.19/turn

%: no passive effects
@: very quick
A: reduced essence, very small, no large weapons, unfitting armour, see
invisible, speed 3
a: Renounce Religion, Recall Ancestor, Ancestor Identity, Transference, Idealise


You were on level 10 of the Dungeon.
You worshipped Hepliaklqana.
Hepliaklqana was extremely pleased with you.
You visited 2 branches of the dungeon, and saw 11 of its levels.
You also visited: Sewer.

You collected 592 gold pieces.

Inventory:

Hand Weapons
 a - a +0 shortbow (weapon)
 b - the +7 falchion of the Aged Souls {freeze, rF+ Str+3}
   (You found it on level 3 of the Dungeon)

   Str:       It affects your strength (+3).
   rF:        It protects you from fire.
 w - a +1 dagger
 K - a +0 sling
Missiles
 f - 110 stones
Armour
 h - a +2 robe of positive energy (worn)
 n - a +0 robe
 G - a +0 leather armour
Magical Staves
 m - a staff of earth
 B - a staff of air
Jewellery
 F - a +5 ring of evasion (left hand)
 H - a ring of wizardry
 O - an amulet of magic regeneration
 P - a ring of positive energy (right hand)
 R - a ring of protection from fire
Wands
 o - a wand of polymorph (12)
 E - a wand of iceblast (17)
 N - a wand of paralysis (13)
 Q - a wand of flame (39)
 U - a wand of acid (4)
Scrolls
 e - 2 scrolls of silence {unknown}
 g - 2 scrolls of fear {unknown}
 j - 6 scrolls of vulnerability {unknown}
 k - 2 scrolls of blinking {unknown}
 l - 3 scrolls of immolation {unknown}
 r - a scroll of torment {unknown}
 s - 2 scrolls of fog {unknown}
 t - 2 scrolls of enchant weapon {unknown}
 v - a scroll of enchant armour {unknown}
 x - 8 scrolls of identify {unknown}
 y - 4 scrolls of noise {unknown}
 A - 5 scrolls of summoning {unknown}
 D - a scroll of amnesia {unknown}
 J - 4 scrolls of teleportation {unknown}
 M - a scroll of magic mapping {unknown}
 S - a scroll of brand weapon {unknown}
 T - a scroll of poison {unknown}
Potions
 c - 3 potions of invisibility
 d - 4 potions of haste {unknown}
 i - 5 potions of heal wounds {unknown}
 p - a potion of mutation {unknown}
 q - a potion of degeneration {unknown}
 u - 2 potions of magic {unknown}
 z - 2 potions of attraction {unknown}
 C - 5 potions of curing {unknown}
 I - a potion of might {unknown}
 L - 3 potions of resistance {unknown}


   Skills:
 + Level 4.5 Fighting
 - Level 2.0 Short Blades
 * Level 10.0 Ranged Weapons
 + Level 3.8 Dodging
 - Level 11.0 Stealth
 - Level 8.0 Spellcasting
 - Level 5.0 Hexes
 - Level 10.0 Translocations
 + Level 3.7 Invocations


You had 22 spell levels left.
You knew the following spells:

 Your Spells              Type           Power      Damage    Failure   Level
a - Ensorcelled Hibernat  Hex/Ice        34%        N/A       4%          2
b - Blink                 Tloc           90%        N/A       1%          2

Your spell library contained the following spells:

 Spells                   Type           Power      Damage    Failure   Level
 Lesser Beckoning         Tloc           90%        N/A       1%          2
 Momentum Strike          Conj/Tloc      52%        3d9       1%          2
 Manifold Assault         Tloc           45%        N/A       1%          4
 Confusing Touch          Hex            26%        N/A       3%          3
 Tukima's Dance           Hex            26%        N/A       3%          3
 Vhi's Electric Charge    Tloc/Air       52%        N/A       3%          3
 Volatile Blastmotes      Fire/Tloc      52%        2d14      3%          3
 Beastly Appendage        Tmut           14%        N/A       9%          1
 Freeze                   Ice            28%        1d5       9%          1
 Necrotise                Necr           28%        1d5       9%          1
 Sandblast                Erth           14%        2d6       9%          1
 Shock                    Conj/Air       28%        1d4       9%          1
 Dazzling Flash           Conj/Hex       34%        N/A       10%         3
 Iskenderun's Mystic Bla  Conj/Tloc      26%        2d7       12%         4
 Passwall                 Tmut/Erth      5%         N/A       14%         2
 Wereblood                Tmut           7%         N/A       14%         2
 Dispersal                Tloc           22%        N/A       22%         6
 Frozen Ramparts          Ice            14%        1d3       26%         3
 Hailstorm                Conj/Ice       7%         3d4       26%         3
 Spider Form              Tmut/Pois      7%         N/A       26%         3
 Stone Arrow              Conj/Erth      14%        3d7       26%         3
 Swiftness                Air            7%         N/A       26%         3
 Vampiric Draining        Necr           7%         2d6       26%         3
 Airstrike                Air            3%         2d(1-17)  65%         4
 Summon Ice Beast         Ice/Summ       7%         N/A       65%         4
 Summon Mana Viper        Hex/Summ       17%        N/A       65%         5
 Agony                    Necr           7%         N/A       94%         5
 Arcjolt                  Conj/Air       3%         1d13      94%         5
 Plasma Beam              Fire/Air       3%         2x1d15    100%        6
 Simulacrum               Ice/Necr       3%         N/A       100%        6
 Starburst                Conj/Fire      3%         6d3       100%        6
 Monstrous Menagerie      Summ           3%         N/A       100%        7
 Ozocubu's Refrigeration  Ice            3%         4d8       100%        7
 Disjunction              Tloc           22%        N/A       100%        8
 Polar Vortex             Ice            3%         N/A       100%        9


Dungeon Overview and Level Annotations

Branches:
Dungeon (10/15)            Temple (1/1) D:5           Sewer (visited)
   Lair: D:8-11         Orc: D:9-12

Altars:
Ashenzari
Cheibriados
Dithmenos
Elyvilon
Fedhas
Gozag
Hepliaklqana
Kikubaaqudgha
Makhleb
Nemelex Xobeh
Okawaru
Qazlal
Ru
Sif Muna
Trog
Uskayaw
Vehumet
Wu Jian
Yredelemnul
Zin
The Shining One

Shops:
D:4 *


Innate Abilities, Weirdness & Mutations

Your life essence is reduced to manifest your ancestor. (-10% HP)
You are very small and have problems with some larger weapons.
You are too small for most types of armour.
You have supernaturally acute eyesight. (SInv)
You cover ground extremely quickly. (Speed+++)


Message History

You shoot an arrow.
The arrow hits the orc but does no damage.
The orc is heavily wounded.
You shoot an arrow. The arrow completely misses the orc.
You shoot an arrow. The arrow hits the orc.
You kill the orc!
No target in view!
Things that are here:
a +0 hand axe; an orc corpse Done exploring.
Done exploring.
Done exploring.
(D) Dungeon (T) Temple
Where to? (? - help)
You swap places.
Things that are here:
a +0 hand axe; an orc corpse
There is a stone staircase leading down here.
You climb downwards.
There is a stone staircase leading up here.
(D) Dungeon (T) Temple
Where to? (Enter - D:10, ? - help)
Okay, then.
Found a chain mail.
A cyclops comes into view.
You shoot an arrow. The arrow hits the cyclops!
The cyclops is lightly wounded.
You swap places.
Vusi points at the cyclops and mumbles some strange words.
The cyclops seems to slow down.
The cyclops throws a large rock.
The large rock hits you!!
You shoot an arrow. Vusi avoids your attack.
The arrow hits the cyclops but does no damage.
The cyclops is lightly wounded.
You shoot an arrow. Vusi avoids your attack.
The arrow completely misses the cyclops.
The cyclops throws a large rock.
The large rock closely misses Vusi.
The large rock hits you!!!
Ouch! That really hurt!
You die...

... .... ....
.....
#######C..
#.....R.
#.....#
#.....+
#...@.#
#.....#
#.....#
#.....#
#.....#
#.....#######
#.....#......
#............
#...........#


You could see the friendly Vusi the hexer and a cyclops (slow, ally target).

Vanquished Creatures
  An orc knight (D:7)
  A shadow (D:7)
  3 yaks
  2 acid dragons
  A water moccasin (D:8)
  A hornet zombie (D:7)
  A black bear (D:6)
  An ogre (D:4)
  A phantom (D:6)
  2 centaurs
  3 kobold brigands
  2 bullfrogs
  2 scorpions
  A water moccasin zombie (D:7)
  6 wights
  The ghost of Ironcache the Cutter, a weakling HuWn (D:3)
  A howler monkey (D:9)
  2 orc priests
  A sleepcap (D:7)
  A hexer (D:7)
  5 orc wizards
  Natasha (thrice) (D:2)
  2 killer bee zombies (D:7)
  13 adders
  10 gnolls
  2 white imps
  2 worms
  2 dart slugs (D:4)
  17 orcs
  8 ball pythons
  6 endoplasms
  A giant cockroach (D:3)
  4 goblins
  3 hobgoblins
  5 jackals
  4 quokkas
  4 bats
  5 frilled lizards
  5 kobolds
  4 rats
139 creatures vanquished.

Vanquished Creatures (collateral kills)
  A two-headed ogre (D:9)
  2 cyclopes (D:7)
  The ghost of turdburglar the Digger, an amateur TrEE of Wu Jian (D:5)
  A hornet (D:9)
  A shadow (D:9)
  7 yaks
  An orc warrior (D:9)
  A sky beast (D:6)
  A water moccasin (D:7)
  A centaur (D:7)
  2 phantoms
  A kobold brigand (Sewer)
  2 gnoll sergeants (D:9)
  A bullfrog (D:4)
  3 scorpions
  3 wights (D:7)
  A howler monkey (D:5)
  5 centaur zombies (D:7)
  3 hounds
  An orc priest (D:9)
  A sleepcap (D:7)
  4 iguanas
  3 orc wizards (D:9)
  A killer bee zombie (D:7)
  A howler monkey zombie (D:7)
  5 gnolls
  3 adders
  A river rat (Sewer)
  A white imp (D:6)
  7 orcs
  4 ball pythons
  A giant cockroach (D:3)
  A goblin (D:3)
  2 hobgoblins
  A jackal (Sewer)
  A bat (D:1)
  2 frilled lizards (Sewer)
  7 kobolds
  3 rats
88 creatures vanquished.

Vanquished Creatures (others)
  12 hexers
12 creatures vanquished.

Grand Total: 239 creatures vanquished

Notes
Turn   | Place    | Note
-------+----------+-------------------------------------------
     0 | D:1      | Ironcache the Spriggan Enchanter began the quest for the
                  | Orb.
     0 | D:1      | Reached XP level 1. HP: 9/9 MP: 5/5
   106 | D:1      | Found a faded altar of an unknown god.
   147 | D:1      | Prayed at the altar of an unknown god.
   147 | D:1      | Became a worshipper of Hepliaklqana the Forgotten
   147 | D:1      | Reached * piety under Hepliaklqana
   176 | D:1      | Reached XP level 2. HP: 11/11 MP: 6/6
   296 | D:1      | Learned a level 2 spell: Ensorcelled Hibernation
   850 | D:2      | Reached XP level 3. HP: 8/15 MP: 5/8
  1014 | D:2      | Reached skill level 1 in Fighting
  1067 | D:2      | Reached skill level 5 in Stealth
  1142 | D:2      | Noticed Natasha
  1148 | D:2      | Killed Natasha
  1149 | D:2      | Reached XP level 4. HP: 19/19 MP: 10/10
  1150 | D:2      | Noticed Natasha
  1159 | D:2      | Killed Natasha
  1377 | D:2      | Noticed Natasha
  1481 | D:2      | Killed Natasha
  1482 | D:2      | Reached XP level 5. HP: 17/22 MP: 8/11
  1824 | D:3      | Found a runed translucent door.
  1829 | D:3      | Noticed Ironcache's ghost (weakling HuWn)
  1841 | D:3      | Reached skill level 6 in Stealth
  1938 | D:3      | Killed Ironcache's ghost
  1977 | D:3      | Found a runed translucent door.
  2031 | D:3      | Found a sacrificial altar of Ru.
  2036 | D:3      | Reached XP level 6. HP: 27/27 MP: 10/13
  2141 | D:3      | Reached ** piety under Hepliaklqana
  2142 | D:3      | Found a basalt altar of Yredelemnul.
  2153 | D:3      | Reached skill level 5 in Hexes
  2270 | D:3      | Found an opulent altar of Gozag.
  2292 | D:3      | Found a shimmering blue altar of Sif Muna.
  2314 | D:3      | Found a glowing drain.
  2324 | Sewer    | Entered a sewer
  2615 | Sewer    | Reached skill level 7 in Stealth
  2615 | Sewer    | Reached skill level 5 in Spellcasting
  2800 | Sewer    | Reached XP level 7. HP: 32/32 MP: 12/16
  2849 | Sewer    | Remembered your ancestor Vusi as a hexer
  3247 | D:3      | Found a radiant altar of Vehumet.
  3427 | D:3      | Found an iron altar of Okawaru.
  3435 | D:3      | Identified the +7 falchion of the Aged Souls {freeze, rF+
                  | Str+3}
  3752 | D:4      | Reached skill level 8 in Stealth
  3961 | D:4      | Reached *** piety under Hepliaklqana
  3965 | D:4      | Found Caodeomn's General Store.
  4058 | D:4      | Reached skill level 9 in Stealth
  4187 | D:4      | Found a shadowy altar of Dithmenos.
  4401 | D:5      | Entered Level 5 of the Dungeon
  4401 | D:5      | Found a sparkling altar of Nemelex Xobeh.
  4443 | D:5      | Found a runed translucent gate.
  4455 | D:5      | Reached XP level 8. HP: 36/36 MP: 19/19
  4556 | D:5      | Found a runed translucent gate.
  4556 | D:5      | Found a runed translucent gate.
  4557 | D:5      | Noticed turdburglar's ghost (amateur TrEE)
  4579 | D:5      | Killed turdburglar's ghost
  4580 | D:5      | Reached skill level 10 in Stealth
  4718 | D:5      | Reached skill level 1 in Ranged Weapons
  4763 | D:5      | Found a glowing golden altar of the Shining One.
  5043 | D:5      | Found a staircase to the Ecumenical Temple.
  5049 | Temple   | Entered the Ecumenical Temple
  5296 | D:5      | Identified the +5 ring mail of the Fifty Tusks {Will++}
  5575 | D:6      | Reached skill level 11 in Stealth
  5620 | D:6      | Found a stormy altar of Qazlal.
  5712 | D:6      | Found a broken altar of Ashenzari.
  5733 | D:6      | Found a white marble altar of Elyvilon.
  5812 | D:6      | Reached **** piety under Hepliaklqana
  6038 | D:6      | Learned a level 2 spell: Blink
  6173 | D:6      | Reached skill level 5 in Ranged Weapons
  6173 | D:6      | Reached skill level 1 in Translocations
  6190 | D:6      | Found a burning altar of Makhleb.
  6372 | D:7      | Reached XP level 9. HP: 39/39 MP: 22/22
  6488 | D:7      | Found a hazy altar of Hepliaklqana.
  6822 | D:7      | Reached skill level 5 in Translocations
  6970 | D:7      | Noticed a cyclops
  7012 | D:7      | Noticed a cyclops
  7020 | D:7      | Killed a cyclops
  7024 | D:7      | Killed a cyclops
  7143 | D:7      | Identified the +3 long sword of the Endless March {freeze,
                  | Int+2}
  7148 | D:7      | Identified the staff of earth "Wobanok" {Will+}
  7279 | D:7      | Noticed an orc knight
  7553 | D:7      | Reached XP level 10. HP: 44/44 MP: 23/23
  7845 | D:7      | Killed an orc knight
  7959 | D:8      | Found a blossoming altar of Fedhas.
  8206 | D:8      | Reached skill level 1 in Invocations
  8269 | D:8      | Identified the +10 dire flail "Solesk" {heavy, rC+ rN+++}
  8847 | D:8      | Reached skill level 10 in Translocations
  9193 | D:9      | Noticed a two-headed ogre
  9244 | D:9      | Killed a two-headed ogre
  9543 | D:9      | Reached skill level 10 in Ranged Weapons
  9543 | D:9      | Reached XP level 11. HP: 48/48 MP: 19/24
  9735 | D:9      | Reached ***** piety under Hepliaklqana
  9838 | D:10     | Entered Level 10 of the Dungeon
  9870 | D:10     | Hit by a large rock thrown by a cyclops

Illustrated notes

Levels and vault maps discovered:
D:1:      ncdulo_wetmaze, layout_loops_ring,
          hellmonk_ecumenical_altar_dog_temple, nicolae_titane
D:2:      layout_rooms, minmay_liquid_box, serial_bayou_lake_a, uniq_natasha
D:3:      layout_loops_ring, yredelemnul_altar_generic, old_standard_altar,
          okawaru_ov_weapons_minmay, nicolae_overflow_hidden_temple,
          lemuel_tele_altar, mainiacjoe_overflow_alcove_1,
          cheibrodos_sewer_entry_drain, ebering_ghost_sewer_f
D:4:      layout_rooms, lemuel_doored_altar, serial_shops, shop,
          kennysheep_crisscross
D:5:      layout_loops_corners, general_overflow_altar,
          nemelex_xobeh_ov_fountains_minmay, minmay_temple_entry_proselytizer,
          ebering_ghost_rock_garden
D:6:      layout_loops_ring, elyvilon_altar_1, lightli_temple_of_fire,
          nicolae_qazlal_beasts_of_the_sky, ashenzari_conservatory_becter
D:7:      minmay_the_grid_plus_closed [minmay_the_grid_fan,
          minmay_the_grid_armoury, minmay_the_grid_dragon_b,
          minmay_the_grid_outer_circle, minmay_the_grid_prize_diamond_cup],
          layout_loops_ring, overflow_temple_1_default, serial_undead,
          serial_undead_e, serial_undead_c, serial_undead_c, serial_undead_e,
          serial_undead_d, serial_undead_c, serial_undead_d, serial_undead_f,
          minmay_misc_feat_square
D:8:      layout_basic, fedhas_ov_isle_minmay, nicolae_wwwww
D:9:      layout_loops_ring
D:10:     layout_grid_maze, mainiacjoe_overflow_alcove_2,
          due_lair_maze_entry_diamond, guppyfry_shop_venom
Temple:   hellmonk_temple_beads

Skill      XL: |  1  2  3  4  5  6  7  8  9 10 |
---------------+-------------------------------+-----
Dodging        | 3 |  3.8
Spellcasting   | 3 4 5 7 8 |  8.0
Hexes          | 4 5 |  5.0
Fighting       | 1 2 3 4 |  4.5
Stealth        | 5 6 7 9 11 | 11.0
Short Blades   | 2 |  2.0
Ranged Weapons | 5 7 10 | 10.0
Translocations | 1 8 10 | 10.0
Invocations    | 3 |  3.7

Action                     |  1- 3 |  4- 6 |  7- 9 | 10-12 || total
---------------------------+-------+-------+-------+-------++-------
  Melee: Dagger            |    75 |    98 |    34 |       ||   207
         Punch             |     1 |     2 |       |       ||     3
         Falchion          |       |       |     9 |    20 ||    29
   Fire: Sling             |       |       |   119 |       ||   119
         Shortbow          |       |       |   164 |   276 ||   440
  Throw: Stone             |     1 |       |       |       ||     1
   Cast: Ensorcelled Hiber |    16 |    41 |    24 |    15 ||    96
 Invoke: Recall Ancestor   |       |     2 |     1 |       ||     3
         Ancestor Life: He |       |       |     1 |       ||     1
   Stab: Sleeping          |    14 |    28 |     6 |       ||    48
         Distracted        |       |     1 |     1 |       ||     2
 Armour: Robe              |    15 |    18 |    10 |     2 ||    45
  Dodge: Dodged            |    63 |    56 |    64 |    40 ||   223
